 Dungeon Crawl Stone Soup version 0.18.1-50-g88ac8fd (webtiles) character file.

36143 Chiseanne the Fighter (level 13, -5/98 HPs)
             Began as a Demonspawn Wanderer on Apr 29, 2017.
             Was an Initiate of Gozag.
             Killed from afar by a raiju (14 damage)
             ... with a living lightning
             ... on level 2 of the Abyss on Apr 30, 2017.
             The game lasted 01:09:41 (19014 turns).

Chiseanne the Fighter (Demonspawn Wanderer)        Turns: 19014, Time: 01:09:42

Health: -5/98      AC: 31    Str: 13      XL:     13   Next: 51%
Magic:  0/25       EV: 10    Int: 18 (22) God:    Gozag
Gold:   1171       SH:  0    Dex: 15      Spells: 0 memorised, 28 levels left

rFire  + . .     SeeInvis .     d - +5 quarterstaff (protect)
rCold  + . .     Gourm    .     b - +4 chain mail {rC+}
rNeg   . . .     Faith    .     (shield currently unavailable)
rPois  +         Spirit   +     p - +1 helmet
rElec  .         Dismiss  .     j - +1 cloak
rCorr  .         Reflect  .     (no gloves)
SustAt .         Harm     .     (no boots)
MR     .....                    w - amulet of Ighoxzoc {Spirit Int+2 Dex+2}
Stlth  ..........               D - +2 ring of protection
                                G - ring of poison resistance

@: about to teleport, gold aura, not resistant to hostile enchantments,
extremely unstealthy
A: talons 1, molten scales 2, clever 1, fire resistance 1, frail 1, ignite
blood, flame cloud immunity
a: Potion Petition, Call Merchant, Bribe Branch, Renounce Religion


You were on level 2 of the Abyss.
You worshipped Gozag.
Gozag was noncommittal.
You were full.

You visited 2 branches of the dungeon, and saw 16 of its levels.
You visited the Abyss 1 time.
You also visited: Bailey.

You collected 4340 gold pieces.
You spent 1707 gold pieces at shops.
You paid 1462 gold pieces to Gozag.

Inventory:

Hand Weapons
 a - the +11 short sword "Fioleyf" {pierce, rPois rC+}
   (You found it on level 8 of the Dungeon)

   It inflicts extra damage upon your enemies.
   It protects you from cold.
   It protects you from poison.
 d - a +5 quarterstaff of protection (weapon)
 q - a +2 hunting sling of flaming
 s - a +5 short sword of venom
Missiles
 I - 3 throwing nets (quivered) {!*}
 U - 107 sling bullets
Armour
 b - a +4 chain mail of cold resistance (worn)
 j - a +1 cloak (worn)
 n - the cursed +1 chain mail of the Lost Nights {rElec Int+4}
   (You found it on level 14 of the Dungeon)

   It affects your intelligence (+4).
   It insulates you from electricity.
   It has a curse placed upon it.
 p - a +1 helmet (worn)
Magical Staves
 O - an uncursed staff of wizardry
Rods
 W - a +3 iron rod (12/12)
   (You found it on level 8 of the Dungeon)
Jewellery
 v - an uncursed amulet of regeneration
 w - the amulet of Ighoxzoc (around neck) {Spirit Int+2 Dex+2}
   (You bought it in a shop on level 8 of the Dungeon)

   [amulet of guardian spirit]

   It causes incoming damage to be split between your health and magic.
   It affects your intelligence (+2).
   It affects your dexterity (+2).
 D - a +2 ring of protection (right hand)
 G - a ring of poison resistance (left hand)
Wands
 M - a wand of digging (2/24)
 T - a wand of lightning (0/15)
Scrolls
 i - 9 scrolls of fear
 r - 5 scrolls of fog
 B - 2 scrolls of immolation
 J - a scroll of magic mapping
 K - 2 scrolls of silence
 L - a scroll of recharging
 Q - 2 scrolls of amnesia
 X - 8 scrolls of remove curse
 Z - 6 scrolls of teleportation
Potions
 c - 2 potions of ambrosia
 e - a potion of agility
 k - a potion of resistance {unknown}
 l - 4 potions of curing
 m - 2 potions of flight {unknown}
 t - 2 potions of lignification
 u - a potion of cancellation {unknown}
 x - 3 potions of invisibility
 z - 4 potions of brilliance
 A - 3 potions of cure mutation
 E - a potion of beneficial mutation {unknown}
 P - a potion of might
 Y - 2 potions of haste
Books
 f - a book of Debilitation

   Spells                             Type                      Level
   a - Corona                         Hexes                        1
   b - Slow                           Hexes                        2
   c - Gell's Gravitas                Hexes/Translocation          3
   d - Inner Flame                    Hexes/Fire                   3
   e - Cause Fear                     Hexes                        4
   f - Leda's Liquefaction            Hexes/Earth                  4
Miscellaneous
 S - a fan of gales
Comestibles
 g - 8 meat rations
 C - 14 fruits


   Skills:
 * Level 12.5 Fighting
   Level 1.5 Crossbows
 - Level 1.0 Throwing
 * Level 11.5 Armour
 * Level 11.7 Dodging
 - Level 1.0 Stealth
 * Level 8.2 Spellcasting
   Level 1.7 Fire Magic


You had 28 spell levels left.
You didn't know any spells.

Dungeon Overview and Level Annotations

Branches:
Dungeon (15/15)            Temple (1/1) D:6            Lair (0/8) D:8
    Orc (0/2) D:9          Vaults (0/5) D:14
 Depths: D:15

Altars:
Ashenzari
Cheibriados
Dithmenos
Elyvilon
Fedhas
Gozag
Kikubaaqudgha
Makhleb
Nemelex Xobeh
Okawaru
Pakellas
Qazlal
Ru
Sif Muna
Trog
Vehumet
Xom
Yredelemnul
Zin
The Shining One

Shops:
D:5 %   D:6 =%%?   D:7 }   D:8 =   D:11 [   D:13 ?

Portals:
Trove: D:11 (give +8 demon whip)

Annotations:
D:3 Chiseanne's ghost, weakling MiGl
D:14 exclusion: downstairs
D:15 Louise


Innate Abilities, Weirdness & Mutations

You have sharp toenails.
You are mostly covered in molten scales (AC +3, EV -1).
Your flesh is heat resistant.
Your demonic aura causes spilled blood to erupt in flames.
You are immune to clouds of flame.
Your mind is acute. (Int +2)
You are frail (-10% HP).


Message History

The raiju completely resists.
The living lightning misses the raiju.
The living lightning hits you!
The living lightning hits the raiju.
The raiju completely resists.
The raiju blinks! x5
The raiju bites you but does no damage.
You hit the raiju.
The raiju is lightly wounded.
The raiju bursts into living lightning!
The living lightning hits the raiju.
The raiju completely resists.
The living lightning hits you!
The living lightning hits the raiju.
The raiju completely resists.
The living lightning misses the raiju.
The living lightning misses you.
The living lightning hits the raiju.
The raiju completely resists.
The raiju blinks! x6
The raiju bursts into living lightning!
The living lightning hits you!
* * * LOW HITPOINT WARNING * * *
The living lightning hits the raiju.
The raiju completely resists.
The living lightning hits the raiju.
The raiju completely resists.
The living lightning hits you!
You die...
Your body crumbles into a pile of gold.

# .. ... .
## ##. . ...
. # . .v #
## ### .##
##........
#... .. .. .
##..# #
.####
##.#..# ..
#.#####....#
.
#..hh@h#..#
# .
#.#####.#.
## .#.. # #
. ..#
###.#...
.###.. # ##


You could see 3 raiju.

Vanquished Creatures
  Snorg (D:11)
  An ogre mage (D:14)
  A centaur warrior (D:14)
  A death knight (D:15)
  4 unseen horrors
  7 hill giants
  A large abomination (Abyss:2)
  A wolf spider zombie (D:14)
  3 orc knights
  2 ugly things
  3 cyclopes
  2 deep elf magi
  A sixfirhy (Abyss:2)
  A manticore (D:14)
  Joseph (D:8)
  A gargoyle (D:13)
  4 kobold demonologists (D:13)
  5 yaktaurs (D:14)
  3 trolls
  3 two-headed ogres
  A hornet zombie (D:14)
  2 wraiths
  A fire dragon skeleton (Abyss:2)
  A yak (shapeshifter) (D:13)
  31 yaks
  2 wyverns (D:8)
  2 fire bats (Abyss:2)
  A neqoxec (Abyss:2)
  4 vampire mosquitoes (D:14)
  5 hippogriffs
  Edmund (D:4)
  2 mottled dragons
  2 water moccasins
  9 orc warriors
  7 ice beasts
  A sky beast (D:8)
  3 wasps
  A boggart (D:14)
  15 centaurs
  11 ogres
  3 crocodiles
  7 big kobolds
  13 giant frogs
  9 scorpions
  2 wyvern skeletons
  3 killer bees (D:13)
  3 small abominations (Abyss:2)
  An electric eel (D:14)
  9 wights
  2 howler monkeys
  4 jellies
  8 crimson imps
  A giant frog zombie (D:8)
  4 centaur zombies
  11 orc wizards
  2 quasits
  4 orc priests
  2 giant frog skeletons
  A gnoll shaman (D:6)
  A centaur skeleton (D:5)
  4 hounds
  4 iguanas
  12 worker ants
  2 sheep (D:13)
  A hound zombie (D:9)
  A hound skeleton (D:4)
  A worker ant zombie (D:7)
  15 gnolls
  21 adders
  2 river rats (D:8)
  4 shadow imps
  2 oozes (D:1)
  2 adder skeletons
  A worm (D:2)
  4 dart slugs
  6 giant geckos
  39 orcs
  15 bats
  8 giant cockroaches
  9 hobgoblins
  7 jackals (D:2)
  29 kobolds
  7 quokkas
  6 giant newts
  19 goblins
  17 rats
  3 fungi (D:8)
479 creatures vanquished.

Vanquished Creatures (collateral kills)
  A rakshasa (D:13)
  Sonja (D:15)
  A hungry ghost (D:14)
  A crimson imp (D:14)
4 creatures vanquished.

Vanquished Creatures (others)
  7 fungi
  6 starspawn tentacles (Abyss:2)
  37 starspawn tentacle segments (Abyss:2)
50 creatures vanquished.

Grand Total: 533 creatures vanquished

Notes
Turn   | Place    | Note
--------------------------------------------------------------
     0 | D:1      | Chiseanne the Demonspawn Wanderer began the quest for the Orb.
     0 | D:1      | Chiseanne set off with: a +2 hand crossbow, 23 bolts, a +0 ring mail, a scroll of teleportation, a bread ration
     0 | D:1      | Reached XP level 1. HP: 16/16 MP: 2/2
   322 | D:1      | Gained mutation: Your flesh is heat resistant. [demonic ancestry]
   322 | D:1      | Reached XP level 2. HP: 22/22 MP: 3/3
   597 | D:1      | Reached skill level 1 in Dodging
   597 | D:1      | Gained mutation: You are immune to clouds of flame. [demonic ancestry]
   597 | D:1      | Reached XP level 3. HP: 27/28 MP: 4/4
  1351 | D:2      | Gained mutation: You are partially covered in molten scales (AC +1). [demonic ancestry]
  1351 | D:2      | Reached XP level 4. HP: 34/34 MP: 5/5
  1600 | D:3      | Found an opulent altar of Gozag.
  1611 | D:3      | Became a worshipper of Gozag Ym Sagoz the Greedy
  1724 | D:3      | Found a sacrificial altar of Ru.
  1744 | D:3      | Reached skill level 3 in Fighting
  2188 | D:3      | Reached XP level 5. HP: 38/41 MP: 6/6
  2480 | D:3      | Found a radiant altar of Vehumet.
  2534 | D:3      | Noticed Chiseanne's ghost (weakling MiGl)
  2690 | D:4      | Found a sparkling altar of Nemelex Xobeh.
  3041 | D:4      | Found a glowing silver altar of Zin.
  3455 | D:3      | HP: 1/41 [Chiseanne's ghost (6)]
  4690 | D:4      | Reached skill level 4 in Fighting
  4690 | D:4      | Reached XP level 6. HP: 47/48 MP: 7/7
  4694 | D:4      | Noticed Edmund
  4742 | D:4      | Killed Edmund
  4928 | D:5      | Entered Level 5 of the Dungeon
  5006 | D:5      | Reached XP level 7. HP: 55/55 MP: 8/8
  5437 | D:5      | Reached skill level 5 in Fighting
  5744 | D:5      | Got an ancient ring mail
  5858 | D:5      | Reached skill level 5 in Armour
  5858 | D:5      | Gained mutation: Your demonic aura causes spilled blood to erupt in flames. [demonic ancestry]
  5858 | D:5      | Reached XP level 8. HP: 25/63 MP: 9/9
  6003 | D:6      | Found Mossialu's Food Emporium.
  6003 | D:6      | Found Sonnisur's Magic Scroll Boutique.
  6059 | D:6      | Bought a scroll of silence for 75 gold pieces
  6059 | D:6      | Bought a scroll of amnesia for 35 gold pieces
  6059 | D:6      | Bought a scroll of enchant weapon for 75 gold pieces
  6059 | D:6      | Bought a scroll of identify for 20 gold pieces
  6059 | D:6      | Bought a scroll of identify for 20 gold pieces
  6059 | D:6      | Bought a scroll of remove curse for 30 gold pieces
  6059 | D:6      | Bought a scroll of noise for 10 gold pieces
  6059 | D:6      | Bought 2 scrolls of fear for 70 gold pieces
  6059 | D:6      | Bought a scroll of teleportation for 30 gold pieces
  6059 | D:6      | Bought a scroll of immolation for 35 gold pieces
  6059 | D:6      | Bought a scroll of blinking for 75 gold pieces
  6075 | D:6      | Identified the cursed +0 ring mail "Qoojich" {-Tele rF+ Dex+4} (You found it on level 5 of the Dungeon)
  6088 | D:6      | Found Inleid's Food Shop.
  6144 | D:6      | Found a blossoming altar of Fedhas.
  6145 | D:6      | Found Nitwab's Jewellery Emporium.
  6153 | D:6      | Bought a cursed ring of teleportation for 45 gold pieces
  6186 | D:6      | Reached skill level 5 in Dodging
  6244 | D:6      | Found a deep blue altar of Sif Muna.
  6291 | D:6      | Reached skill level 6 in Fighting
  6321 | D:6      | Found a staircase to the Ecumenical Temple.
  6332 | Temple   | Entered the Ecumenical Temple
  6964 | D:6      | Found a glowing golden altar of the Shining One.
  6964 | D:6      | Found an oddly glowing altar of Pakellas.
  7191 | D:7      | Got a jewelled war axe
  7192 | D:7      | Identified the cursed +0 war axe of the Solstice {chop, Dex+2} (You found it on level 7 of the Dungeon)
  7253 | D:7      | Found a white marble altar of Elyvilon.
  7292 | D:7      | Reached skill level 7 in Fighting
  7342 | D:7      | Gained mutation: You have sharp toenails. [demonic ancestry]
  7342 | D:7      | Reached XP level 9. HP: 72/72 MP: 10/10
  7372 | D:7      | Found a shadowy altar of Dithmenos.
  7412 | D:7      | Found a shattered altar of Ashenzari.
  7476 | D:7      | Found Betuss's Gadget Boutique.
  7747 | D:8      | Noticed Joseph
  7772 | D:8      | Killed Joseph
  7886 | D:8      | Found a staircase to the Lair.
  7990 | D:8      | Found a flagged portal.
  8107 | Bailey   | Entered a bailey
  8132 | Bailey   | Noticed an orc knight
  8133 | Bailey   | Noticed an orc knight
  8142 | Bailey   | Killed an orc knight
  8142 | Bailey   | Reached skill level 8 in Fighting
  8144 | Bailey   | Killed an orc knight
  8245 | Bailey   | Gained mutation: You are mostly covered in molten scales (AC +3, EV -1). [demonic ancestry]
  8245 | Bailey   | Reached XP level 10. HP: 48/82 MP: 11/11
  8531 | D:8      | Got a smoking short sword
  8532 | D:8      | Identified the +11 short sword "Fioleyf" {pierce, rPois rC+} (You found it on level 8 of the Dungeon)
  9098 | D:8      | Found a shimmering altar of Xom.
  9319 | D:9      | Reached skill level 9 in Fighting
  9408 | D:9      | Found an iron altar of Okawaru.
  9643 | D:8      | Bought the amulet of Ighoxzoc {Spirit Int+2 Dex+2} for 499 gold pieces
  9815 | D:9      | Found a staircase to the Orcish Mines.
  9927 | D:10     | Entered Level 10 of the Dungeon
 10026 | D:10     | Noticed a hill giant
 10044 | D:10     | Killed a hill giant
 10045 | D:10     | Reached XP level 11. HP: 72/90 MP: 10/15
 10403 | D:10     | Noticed a hill giant
 10411 | D:10     | Killed a hill giant
 10411 | D:10     | Reached skill level 10 in Fighting
 10927 | D:11     | Found a portal to a secret trove of treasure.
 11147 | D:11     | Noticed Snorg
 11166 | D:11     | Killed Snorg
 11359 | D:11     | Noticed a green ugly thing
 11404 | D:11     | Killed a green ugly thing
 11468 | D:11     | Killed an unseen horror
 11752 | D:11     | Killed an unseen horror
 12178 | D:11     | Reached skill level 5 in Spellcasting
 12346 | D:11     | Noticed a hill giant
 12352 | D:11     | Killed a hill giant
 12352 | D:11     | Reached skill level 10 in Armour
 12560 | D:11     | Reached skill level 10 in Dodging
 13101 | D:12     | Reached XP level 12. HP: 67/99 MP: 13/20
 13107 | D:12     | Reached skill level 11 in Fighting
 14048 | D:13     | Noticed a rakshasa
 14118 | D:13     | Killed a rakshasa
 15065 | D:13     | Found Goc Ut Timm's Magic Scroll Shoppe.
 15073 | D:13     | Bought a scroll of identify for 30 gold pieces
 15073 | D:13     | Bought a scroll of identify for 30 gold pieces
 15073 | D:13     | Bought a scroll of enchant weapon for 112 gold pieces
 15073 | D:13     | Bought a scroll of remove curse for 45 gold pieces
 15073 | D:13     | Bought a scroll of teleportation for 45 gold pieces
 15073 | D:13     | Bought a scroll of teleportation for 45 gold pieces
 15073 | D:13     | Bought a scroll of enchant armour for 112 gold pieces
 15073 | D:13     | Bought a scroll of remove curse for 45 gold pieces
 15073 | D:13     | Bought a scroll of enchant armour for 112 gold pieces
 15073 | D:13     | Bought a scroll of enchant weapon for 112 gold pieces
 15470 | D:14     | Got an amethyst-encrusted chain mail
 15802 | D:14     | Noticed a centaur warrior
 15833 | D:14     | Killed a centaur warrior
 16205 | D:14     | Identified the cursed +1 chain mail of the Lost Nights {rElec Int+4} (You found it on level 14 of the Dungeon)
 16434 | D:14     | Noticed an ogre mage
 16448 | D:14     | Paralysed by an ogre mage for 2 turns
 16465 | D:14     | Killed an ogre mage
 16465 | D:14     | Reached skill level 12 in Fighting
 16465 | D:14     | Reached XP level 13. HP: 60/108 MP: 15/24
 17034 | D:14     | Found a gate to the Vaults.
 17133 | D:14     | Got a pair of dazzling gloves
 17139 | D:14     | Identified the +0 pair of gloves of Nothon {-Tele MR+ rCorr} (You found it on level 14 of the Dungeon)
 17862 | D:15     | Entered Level 15 of the Dungeon
 18205 | D:15     | Found a stormy altar of Qazlal.
 18213 | D:15     | Noticed Sonja
 18219 | D:15     | Killed Sonja
 18237 | D:15     | Noticed Louise
 18263 | D:15     | Cast into level 2 of the Abyss (Louise)
 18263 | Abyss:2  | Found a corrupted altar of Lugonu.
 18382 | Abyss:2  | Found a corrupted altar of Lugonu.
 18431 | Abyss:2  | Noticed a tentacled starspawn
 18441 | Abyss:2  | Found a corrupted altar of Lugonu.
 18707 | Abyss:2  | Noticed a starcursed mass
 18708 | Abyss:2  | Gained mutation: You are frail (-10% HP). [a neqoxec]
 18709 | Abyss:2  | Gained mutation: Your mind is acute. (Int +2) [a neqoxec]
 18724 | Abyss:2  | Paralysed by accursed screaming for 1 turns
 18735 | Abyss:2  | Noticed a starcursed mass
 19014 | Abyss:2  | Killed from afar by a raiju

Skill      XL: |  1  2  3  4  5  6  7  8  9 10 11 12 13 |
---------------+----------------------------------------+-----
Armour         | 2 3 4 5 6 7 9 10 11 | 11.5
Dodging        | 1 2 3 4 6 7 8 10 11 | 11.7
Fighting       | 3 4 5 7 8 9 10 12 | 12.5
Spellcasting   | 2 5 7 8 |  8.2
Crossbows      | |  1.5
Throwing       | |  1.0
Stealth        | |  1.0
Fire Magic     | |  1.7

Action                   |  1- 3 |  4- 6 |  7- 9 | 10-12 | 13-15 || total
-------------------------+-------+-------+-------+-------+-------++-------
Melee: Short sword       |    22 |    52 |   367 |   614 |   123 ||  1178
       Falchion          |       |   136 |       |       |       ||   136
       Long sword        |       |    70 |       |       |       ||    70
       Dire flail        |       |     3 |    35 |       |       ||    38
       Kick              |       |       |    30 |   241 |   104 ||   375
       Quarterstaff      |       |       |       |    98 |   220 ||   318
 Fire: Hand crossbow     |    82 |    17 |    14 |       |       ||   113
       Hunting sling     |       |       |    30 |    34 |       ||    64
       Shortbow          |       |       |       |     3 |       ||     3
Throw: Stone             |       |     2 |     3 |       |       ||     5
Invok: Potion Petition   |       |     1 |       |       |       ||     1
       Call Merchant     |       |       |       |     2 |       ||     2
Evoke: Wand              |       |       |     9 |    10 |    12 ||    31
       Box of beasts     |       |       |       |     8 |     3 ||    11
       Fan of gales      |       |       |       |     1 |       ||     1
  Use: Scroll            |     7 |     3 |     8 |    20 |     7 ||    45
       Potion            |       |     1 |       |     3 |     4 ||     8
 Stab: Distracted        |       |       |       |     4 |       ||     4
  Eat: Chunk             |     1 |     2 |       |       |       ||     3
       Bread ration      |       |     3 |     2 |     5 |       ||    10
       Pizza             |       |       |     3 |       |     1 ||     4
       Beef jerky        |       |       |       |     1 |       ||     1
       Fruit             |       |       |       |     4 |     9 ||    13
       Royal jelly       |       |       |       |     1 |       ||     1
Armor: Ring mail         |    26 |    95 |       |       |       ||   121
       Scale mail        |       |    50 |   227 |    18 |       ||   295
       Chain mail        |       |       |       |   592 |   398 ||   990
Dodge: Dodged            |    29 |   162 |   286 |   390 |   261 ||  1128
